cohdb
Replays
Latest Replays
All Replays
Popular Replays
Top Player Replays
Match Explorer
How It Works
Community
CoH3 Stats
Reddit
Sign in to upload your games and track your stats! →
Sign in with Steam
Match 38205085
Unlisted
Match 38205085
Overview
Messages
Build Orders
End
Vickers Machine Gun Team
Royal Engineer Section
Selects Heavy Armor Battlegroup
Vickers Machine Gun Team
Construct Section Command Post
ML 3-inch Mortar Team
Construct Platoon Command Post
Selects Rigorous Vehicle Training
Selects Light Vehicle Withdraw and Refit
Humber Armored Car
Humber Armored Car
Construct Company Command Post
Light Vehicle Withdraw and Refit
Crusader II Medium Tank
Crusader II Medium Tank
Light Vehicle Withdraw and Refit
Selects Radio Net
Selects Designate Targets
Designate Targets
Armored Vehicle Training
Crusader II Medium Tank
Radio Net
Crusader II Medium Tank
Selects Crusader AA Medium Tank
Designate Targets
Crusader II Medium Tank
Designate Targets
MC
BigTiddyLebron
Mr Cuddles
Sol Invictus
0
0
Comments
sign in to comment!
No comments posted yet!